 Dungeon Crawl Stone Soup version 0.24-a0-715-g0b739ee41d (webtiles) character file.

Game seed: 13938951728626152858, levelgen mode: deterministic

2209 Arixos the Magician (level 9, -6/69 HPs)
             Began as a Mummy Conjurer on Sept 29, 2019.
             Was a Believer of Sif Muna.
             Mangled by an orc warrior
             ... wielding a +0 long sword
              (11 damage)
             ... on level 6 of the Dungeon on Sept 30, 2019.
             The game lasted 01:51:07 (11672 turns).

Arixos the Magician (Mummy Conjurer)               Turns: 11672, Time: 01:51:08

Health: -6/69      AC:  7    Str: 11    XL:     9   Next: 13%
Magic:  0/20       EV: 14    Int: 18    God:    Sif Muna [**....]
Gold:   108        SH:  0    Dex: 12    Spells: 16/23 levels left

rFire    . . .     SeeInvis .   j - staff of energy
rCold    + . .     Gourm    .   (no shield)
rNeg     + + +     Faith    .   c - +3 leather armour
rPois    ∞         Spirit   +   (no helmet)
rElec    .         Reflect  .   d - scarf {Spirit}
rCorr    .         Harm     .   b - +0 pair of gloves
MR       +....                  (no boots)
Stlth    +.........             e - amulet of guardian spirit
HPRegen  0.21/turn              o - ring of protection from fire
MPRegen  0.17/turn              (no ring)

@: very slightly contaminated
A: no food or potions, fire vulnerability, cold resistance 1, negative energy
resistance 3, torment resistance, unbreathing
a: Channel Magic, Renounce Religion


You were on level 6 of the Dungeon.
You worshipped Sif Muna.
Sif Muna was pleased with you.
You were not hungry.

You visited 2 branches of the dungeon, and saw 8 of its levels.

You collected 432 gold pieces.
You spent 324 gold pieces at shops.

Inventory:

Hand Weapons
 h - a +1 flail of draining
 i - a +0 spear of venom
 k - a +2 mace of protection
Armour
 b - a +0 pair of gloves (worn)
 c - a +3 leather armour (worn)
 d - a scarf of spirit shield (worn)
Magical Staves
 j - an uncursed staff of energy (weapon)
Jewellery
 e - an amulet of guardian spirit (around neck)
 o - a ring of protection from fire (left hand)
Wands
 a - a wand of acid (5)
Scrolls
 g - a scroll of magic mapping
 l - a scroll of remove curse


   Skills:
 + Level 5.9 Fighting
 + Level 5.2 Dodging
 - Level 1.5 Stealth
 + Level 7.7 Spellcasting
 + Level 6.1 Conjurations


You had 16 spell levels left.
You knew the following spells:

 Your Spells              Type           Power        Failure   Level  Hunger
a - Magic Dart            Conj           ####         1%          1    N/A
b - Iskenderun's Mystic   Conj           ####....     11%         4    N/A
s - Searing Ray           Conj           ####..       1%          2    N/A

Your spell library contained the following spells:

 Spells                   Type           Power        Failure   Level  Hunger
 Throw Frost              Conj/Ice       ###...       6%          2    N/A
 Dazzling Spray           Conj/Hex       ###...       12%         3    N/A
 Freeze                   Ice            #...         13%         1    N/A
 Ozocubu's Armour         Chrm/Ice       #.......     36%         3    N/A
 Force Lance              Conj/Tloc      ###.....     36%         4    N/A
 Fulminant Prism          Conj/Hex       ###.......   36%         4    N/A
 Throw Icicle             Conj/Ice       ###.....     36%         4    N/A
 Summon Ice Beast         Ice/Summ       #.......     78%         4    N/A

Dungeon Overview and Level Annotations

Branches:
Dungeon (7/15)             Temple (1/1) D:5

Altars:
Ashenzari
Cheibriados
Dithmenos
Elyvilon
Fedhas
Hepliaklqana
Kikubaaqudgha
Makhleb
Nemelex Xobeh
Okawaru
Qazlal
Sif Muna
Vehumet
Wu Jian
Xom
Zin
The Shining One

Shops:
D:6 *

Annotations:
D:5 1 runed translucent door, soark's ghost, amateur DsFi
D:6 glowing qstaff shop 189g


Innate Abilities, Weirdness & Mutations

You do not eat or drink.
Your flesh is vulnerable to fire.
You are immune to poison.
Your flesh is cold resistant. (rC+)
You are immune to negative energy. (rN+++)
You are immune to unholy pain and torment.
You can survive without breathing.


Message History

The howler monkey closely misses you.
The orc warrior hits you with a +0 long sword!
* * * LOW HITPOINT WARNING * * *
The orc hits you with a +0 flail.
* * * LOW HITPOINT WARNING * * *
The howler monkey hits you but does no damage.
The howler monkey closely misses you.
The howler monkey hoots and howls with incredible vigour!
You hear a shout!
The orc warrior hits you with a +0 long sword!
* * * LOW HITPOINT WARNING * * *
The gnoll hits you with a +0 flail.
* * * LOW HITPOINT WARNING * * *
The howler monkey hoots and howls with incredible vigour!
The howler monkey hoots and howls with incredible vigour!
There is a stone staircase leading up here.
You see here 6 arrows.
The gnoll closely misses you.
The orc warrior hits you with a +0 long sword!
You die...

.......#...#.......#......'......
##..####'###.......###....#......
##..####...#.........##'###.....#
....#......#.........#....#.....#
....#......#.........#....'.....'
....#......#.........#....#.....#
....'......#.....((..'....#.....#
....#......#.........#....#.....#
#...####...#....@(...######..!..#
#...######'#...goh#'##.#......###
...........#....o(#....#......#
...........#......#....#......#
........[..#......'....#......#
##....##'###......#....#......#
##....#........################
......#........# ......#........#


You could see an orc warrior, a howler monkey, a gnoll and an orc.

Vanquished Creatures
  A hungry ghost (D:7)
  Edmund (D:6)
  A water moccasin (D:6)
  An orc warrior (D:5)
  A sky beast (D:5)
  2 phantoms
  4 ice beasts
  A centaur (D:5)
  2 ogres (D:6)
  4 killer bees (D:6)
  A crimson imp (D:6)
  A bullfrog zombie (D:5)
  2 hounds
  2 orc wizards
  A centaur skeleton (D:5)
  2 bullfrog skeletons
  2 orc priests
  2 iguanas
  3 worker ants
  A hound zombie (D:5)
  4 adders
  4 gnolls
  2 shadow imps (D:5)
  An ooze (D:1)
  An adder zombie (D:5)
  2 adder skeletons
  2 worms (D:2)
  6 leopard geckos
  27 orcs
  A ball python (D:1)
  6 giant cockroaches
  7 goblins
  5 hobgoblins
  6 jackals
  4 kobolds
  A quokka (D:6)
  A ball python skeleton (D:5)
  A ball python zombie (D:5)
  7 bats
  8 frilled lizards
  A jackal skeleton (D:5)
  6 rats
138 creatures vanquished.

Notes
Turn   | Place    | Note
-------+----------+-------------------------------------------
     0 | D:1      | Arixos the Mummy Conjurer began the quest for the Orb.
     0 | D:1      | Reached XP level 1. HP: 13/13 MP: 4/4
   362 | D:1      | Reached XP level 2. HP: 14/20 MP: 0/5
   428 | D:1      | Reached skill level 3 in Spellcasting
   810 | D:1      | Reached skill level 1 in Fighting
  1328 | D:2      | Reached XP level 3. HP: 26/26 MP: 4/7
  1446 | D:2      | Found a shimmering blue altar of Sif Muna.
  1452 | D:2      | Became a worshipper of Sif Muna the Loreminder
  2781 | D:2      | Reached XP level 4. HP: 6/32 MP: 0/9
  3507 | D:3      | Reached skill level 4 in Spellcasting
  3507 | D:3      | Reached XP level 5. HP: 38/38 MP: 5/11
  3594 | D:3      | Found an ornate altar of the Wu Jian Council.
  3740 | D:3      | Reached * piety under Sif Muna
  3915 | D:3      | Found a glowing golden altar of the Shining One.
  3958 | D:3      | Found a burning altar of Makhleb.
  4709 | D:4      | Reached XP level 6. HP: 46/46 MP: 5/12
  4965 | D:4      | Learned a level 2 spell: Searing Ray
  5209 | D:5      | Entered Level 5 of the Dungeon
  5527 | D:5      | Noticed an ice beast
  5540 | D:5      | Killed an ice beast
  5642 | D:5      | Found a shimmering altar of Xom.
  5644 | D:5      | Found a hazy altar of Hepliaklqana.
  5645 | D:5      | Noticed a spectral ugly thing
  5872 | D:5      | Found a staircase to the Ecumenical Temple.
  5934 | Temple   | Entered the Ecumenical Temple
  6242 | D:5      | Noticed a sky beast
  6256 | D:5      | Killed a sky beast
  6256 | D:5      | Reached skill level 5 in Spellcasting
  6256 | D:5      | Reached XP level 7. HP: 46/52 MP: 2/14
  6494 | D:5      | Found a shimmering altar of Xom.
  7207 | D:5      | Found a runed translucent door.
  7207 | D:5      | Noticed soark's ghost (amateur DsFi)
  7741 | D:6      | Reached skill level 6 in Spellcasting
  7741 | D:6      | Reached skill level 5 in Conjurations
  8164 | D:6      | Reached XP level 8. HP: 59/61 MP: 7/17
  8244 | D:6      | Noticed Edmund
  8282 | D:6      | Killed Edmund
  8518 | D:5      | HP: 1/61 [orc warrior/+0 halberd (10)]
  9161 | D:6      | Found Savvysou's Assorted Antiques.
  9165 | D:6      | Bought a long smoking staff for 324 gold pieces
  9424 | D:6      | Found a shattered altar of Ashenzari.
  9624 | D:6      | Reached skill level 5 in Fighting
 10209 | D:6      | Reached skill level 7 in Spellcasting
 10916 | D:6      | Reached skill level 5 in Dodging
 11121 | D:7      | Reached XP level 9. HP: 63/69 MP: 8/20
 11245 | D:7      | Noticed a two-headed ogre
 11289 | D:6      | Reached ** piety under Sif Muna
 11509 | D:6      | Learned a level 4 spell: Iskenderun's Mystic Blast
 11648 | D:6      | HP: 3/69 [orc warrior/+0 long sword (11)]
 11652 | D:6      | HP: 1/69 [gnoll/+0 flail (3)]
 11672 | D:6      | Mangled by an orc warrior

Levels and vault maps discovered:
D:1:      dpeg_arrival_simpleton_b, layout_basic, minmay_misc_feat_doors,
          grunt_decor_cap, supply_closet_lemuel, minmay_curled_crystal,
          kennysheep_decorative_pillar, minmay_hexomino_f4
D:2:      layout_loops_ring, led_sif_pool
D:3:      layout_rooms, bloody_makhleb, old_standard_altar, solitary_fountain,
          tso_altar
D:4:      layout_loops_ring
D:5:      layout_loops_ring, regret_index_temple_of_mockery,
          minmay_temple_entry_steel_oval, first_ration, gammafunk_ghost_grave,
          serial_rivers, chequers_serial_rivers_micro_d,
          chequers_serial_rivers_micro_c, chequers_serial_rivers_micro_c,
          chequers_serial_rivers_marsh, chequers_serial_rivers_micro_c,
          xom_confusion_cloud
D:6:      layout_gridville, overflow_temple_1_default, serial_shops,
          kennysheep_mini_moat, uniq_edmund
D:7:      layout_rooms, grunt_livestock, tgw_kikubaaqudgha
Temple:   eino_wide_crystal_templ

Skill      XL: |  1  2  3  4  5  6  7  8 |
---------------+-------------------------+-----
Spellcasting   | 3 4 5 6 7 |  7.7
Fighting       | 1 2 3 4 5 |  5.9
Dodging        | 2 3 4 5 |  5.2
Conjurations   | 4 5 6 |  6.1
Stealth        | |  1.5

Action                   |  1- 3 |  4- 6 |  7- 9 || total
-------------------------+-------+-------+-------++-------
Melee: Unarmed           |     6 |       |       ||     6
       Dagger            |     4 |       |       ||     4
       Spear             |    20 |    31 |     6 ||    57
       Staff             |       |       |    11 ||    11
       Flail             |       |       |    10 ||    10
 Cast: Magic Dart        |    93 |   137 |   132 ||   362
       Searing Ray       |       |     9 |    36 ||    45
       Iskenderun's Myst |       |       |     5 ||     5
Invok: Channel Magic     |       |     2 |       ||     2
Evoke: Wand              |       |       |     1 ||     1
  Use: Scroll            |     5 |     2 |    10 ||    17
Armor: Robe              |    12 |       |       ||    12
       Leather armour    |       |    34 |    72 ||   106
Dodge: Dodged            |    30 |    63 |   189 ||   282

Table legend:
 A = Non-vault XP
 B = Vault XP
 C = Vault XP percentage of total XP
 D = Non-vault monster count
 E = Vault monster count
 F = Vault count percentage of total count
                 A         B        C        D         E       F
            +---------+---------+-------+---------+---------+-------
      Total |    2871 |     285 |   9.0 |     130 |       8 |   5.8
            +---------+---------+-------+---------+---------+-------
        D:1 |      28 |       7 |  20.0 |      13 |       4 |  23.5
        D:2 |     118 |       0 |   0.0 |      23 |       0 |   0.0
        D:3 |     118 |       0 |   0.0 |      22 |       0 |   0.0
        D:4 |     139 |       0 |   0.0 |      10 |       0 |   0.0
        D:5 |    1036 |      52 |   4.8 |      27 |       2 |   6.9
        D:6 |    1210 |     226 |  15.7 |      28 |       2 |   6.7
        D:7 |     222 |       0 |   0.0 |       7 |       0 |   0.0
            +---------+---------+-------+---------+---------+-------
